 Dungeon Crawl Stone Soup version 0.31-a0-188-g5e087ee2ca (webtiles) character file.

Game seed: 4735378274568643294

10 qw the Shooter (level 2, -1/16 HPs)
             Began as a Deep Elf Hunter on June 23, 2023.
             Slain by a hobgoblin (4 damage)
             ... on level 1 of the Dungeon.
             The game lasted 00:00:05 (112 turns).

qw the Shooter (Deep Elf Hunter)                     Turns: 112, Time: 00:00:05

Health: -1/16      AC:  3    Str:  8    XL:     2   Next: 10%
Magic:  4/4        EV: 12    Int: 13    God:
Gold:   21         SH:  0    Dex: 18    Spells: 1/1 levels left

rFire   . . .        a - +0 shortbow
rCold   . . .        (shield currently unavailable)
rNeg    . . .        c - +0 leather armour
rPois   .            (no helmet)
rElec   .            (no cloak)
rCorr   .            (no gloves)
SInv    .            (no boots)
Will    .....        (no amulet)
Stlth   ++           (no ring)
HPRegen 0.22/turn    (no ring)
MPRegen 0.09/turn

%: no passive effects
@: no status effects
A: no striking features
a: no special abilities


You were on level 1 of the Dungeon.
You visited 1 branch of the dungeon, and saw 1 of its levels.

You collected 21 gold pieces.


   Skills:
 - Level 1.5 Fighting
 + Level 6.0 Ranged Weapons
 - Level 2.4 Dodging
 - Level 1.2 Stealth


You had one spell level left.
You didn't know any spells.
Your spell library was empty.

Inventory:

Hand Weapons
 a - a +0 shortbow (weapon)
Armour
 c - a +0 leather armour (worn)
 e - a +2 hat
Scrolls
 b - a scroll of butterflies
 f - a scroll of teleportation {unknown}
Potions
 d - a potion of cancellation {unknown}

Dungeon Overview and Level Annotations

Branches:
Dungeon (1/15)

Altars:


Message History

The endoplasm is almost dead.
The ball python misses you. The ball python grabs you.
The ball python constricts you. The hobgoblin hits you.
The hobgoblin closely misses you.
You shoot an arrow. The arrow hits the ball python.
You kill the ball python!
The hobgoblin barely misses you.
The hobgoblin hits you but does no damage.
You shoot an arrow. The arrow hits the hobgoblin.
You kill the hobgoblin!
The hobgoblin barely misses you.
Your Ranged Weapons skill increases to level 6!
You have reached level 2!
You shoot an arrow. The arrow hits the endoplasm!
You kill the endoplasm!
The hobgoblin hits you but does no damage.
The hobgoblin hits you. The goblin hits you with a +0 dagger.
You shoot an arrow. The arrow hits the dart slug.
The dart slug is lightly wounded.
The dart slug barely misses you. The hobgoblin hits you.
The goblin hits you but does no damage.
You shoot an arrow.
The arrow hits the dart slug but does no damage.
The dart slug is lightly wounded.
The goblin barely misses you. The hobgoblin hits you.
The dart slug bites you but does no damage.
You shoot an arrow.
The arrow hits the dart slug but does no damage.
The dart slug is lightly wounded.
The goblin closely misses you. The hobgoblin barely misses you.
The dart slug barely misses you.
You shoot an arrow. The arrow hits the dart slug.
The dart slug is moderately wounded.
The hobgoblin misses you. The goblin hits you with a +0 dagger.
The dart slug bites you but does no damage.
You shoot an arrow.
The arrow hits the dart slug but does no damage.
The dart slug is moderately wounded.
The hobgoblin hits you.
You die...

######### ####
###.......###########...
..........%...........#.
#...g...###########.##
#.%wg@..# #..#
......w#### #... ...##..
#... .. .... #... ...%.
##... (...... ###....
....... ##...... .......
......... .........


You could see 2 dart slugs, a hobgoblin and a goblin.

Vanquished Creatures
  An endoplasm (D:1)
  3 hobgoblins (D:1)
  2 ball pythons (D:1)
  4 bats (D:1)
  A rat (D:1)
11 creatures vanquished.

Notes
Turn   | Place    | Note
-------+----------+-------------------------------------------
     0 | D:1      | qw the Deep Elf Hunter began the quest for the Orb.
     0 | D:1      | Reached XP level 1. HP: 12/12 MP: 3/3
     0 | D:1      | 0 ||| qw: Version: 0.3-a-9-g12657ce
     0 | D:1      | 0 ||| qw: Game counter: 3117
     0 | D:1      | 0 ||| qw: Always use a shield: true
     0 | D:1      | 0 ||| qw: God list: Okawaru
     0 | D:1      | 0 ||| qw: Allow faded altars: false
     0 | D:1      | 0 ||| qw: Do Orc after D:15 true
     0 | D:1      | 0 ||| qw: Do second Lair branch before Depths: true
     0 | D:1      | 0 ||| qw: Lair rune preference: random
     0 | D:1      | 0 ||| qw: Plans: Normal
     0 | D:1      | 0 ||| PLANNING D:1-11
   107 | D:1      | Reached skill level 6 in Ranged Weapons
   107 | D:1      | Reached XP level 2. HP: 11/16 MP: 4/4
   109 | D:1      | HP: 4/16 [hobgoblin (2)]
   112 | D:1      | Slain by a hobgoblin

Levels and vault maps discovered:
D:1:      giann_horns, layout_rooms

Skill      XL: |  1 |
---------------+----+-----
Ranged Weapons | 6 |  6.0
Fighting       | |  1.5
Dodging        | |  2.4
Stealth        | |  1.2

Action                     || total
---------------------------++-------
   Fire: Shortbow          ||    29
 Armour: Leather armour    ||     7
  Dodge: Dodged            ||    18

Table legend:
 A = Non-vault XP
 B = Vault XP
 C = Vault XP percentage of total XP
 D = Non-vault monster count
 E = Vault monster count
 F = Vault count percentage of total count
                 A         B        C        D         E       F
            +---------+---------+-------+---------+---------+-------
      Total |      15 |       0 |   0.0 |      11 |       0 |   0.0
            +---------+---------+-------+---------+---------+-------
        D:1 |      15 |       0 |   0.0 |      11 |       0 |   0.0
            +---------+---------+-------+---------+---------+-------
